Unix NetHack Version 5.0.0-0 post-release - last build May  4 2026 22:22:43 (774f63e81ad911689b3a0859ea89b322d5daca8d,branch:main).

Game began 2026-05-04 20:33:00, ended 2026-05-05 17:18:44.

Hekik, neutral male human Wizard

               ----------
              #.........|                            ------------
 ----------  ##|........|                           #...........|
 |........|  # |........|                           #|..........|
 |........|  ##+...<....|                          ##|..........|
 |........|  ##|........|                       #### |....[.....|
 |........+  ##---.------   ##################  #    ----.-----|-
 -|---.---- ####################-------------####              #
  #   #     ##    #            #|..........>|##                #
  #   #           #            #|...........|##                #
  #   #######     ##           #|.........`.|##              ###
  #        ##########  #########...0.........#              ##
  ##        #       #####      #|...........|###############################
   ###     ##        -.-.--    #............|           --.----.----     --.--
 ----.-----##        |.....#####-------------           |..........|     |.(`|
 |.........##        |....|    ######################   |%..........#####...(|
 |........|#         |....|                         ####...........|0##  |.o@|
 |`........#         |....|*##########                  ------------# ###..o.|
 ----------          ------#         ################################    -----

Hekik the Thaumaturge     St:12 Dx:16 Co:15 In:18 Wi:11 Ch:10  Neutral
Dlvl:2  $:115 HP:0(51) Pw:68(68) AC:1  Xp:7 T:6852  Burdened

Latest messages:
 An iron skull cap lands on the altar.
 The hill orc wields a curved sword!
 The hill orc swings his curved sword at the hill orc.
 The hill orc hits the hill orc.
 You finish your prayer.
 You feel that Thoth is well-pleased.
 You feel much better.
 You hit the hill orc.
 The hill orc swings his curved sword.
 The hill orc hits!
 The hill orc swings her curved sword at the hill orc.
 The hill orc misses the hill orc.
 The hill orc swings her curved sword.
 The hill orc hits!
 You hit the hill orc.
 The hill orc swings his curved sword.
 The hill orc hits!
 The hill orc swings her curved sword at the hill orc.
 The hill orc hits the hill orc.
 You hit the hill orc.
 The hill orc swings her curved sword at the hill orc.
 The hill orc hits the hill orc.
 You kill the hill orc!
 The hill orc picks up a curved sword.
 The hill orc swings her curved sword at the hill orc.
 The hill orc hits the hill orc.
 There is an altar to Ptah (lawful) here.
 There are several objects here.
 The hill orc wields a curved sword!
 The hill orc swings her curved sword at the hill orc.
 The hill orc misses the hill orc.
 The hill orc swings her curved sword.
 The hill orc hits!
 #
 There is a hill orc corpse here; sacrifice it? [ynq] (n)
 Your sacrifice is consumed in a plume of smoke!
 You sense a conflict between Thoth and Ptah.
 Unluckily, you feel the power of Thoth decrease.
 The hill orc swings her curved sword at the hill orc.
 The hill orc misses the hill orc.
 The hill orc swings her curved sword.
 The hill orc hits!
 The hill orc swings her curved sword.
 The hill orc hits!
 You die...
 Do you want your possessions identified? [ynq] (y)
 Do you want to see your attributes? [ynq] (y)
 Do you want an account of creatures vanquished? [ynaq] (y)
 Do you want to see your conduct and achievements? [ynq] (y)
 Do you want to see the dungeon overview? [ynq] (y)

Inventory:
 Coins    ('$')
  $ - 115 gold pieces
 Weapons  (')')
  X - 4 blessed +0 daggers (wielded)
  f - 7 +0 daggers (at the ready)
  a - a blessed +1 quarterstaff (alternate weapon; not wielded)
 Armor    ('[')
  Z - an uncursed +0 dwarvish iron helm (being worn)
  q - a cursed -1 orcish helm
  W - an uncursed +0 pair of elven boots (being worn)
  b - an uncursed greased +0 cloak of magic resistance (being worn)
  O - an uncursed +0 elven mithril-coat (being worn)
 Comestibles  ('%')
  I - an uncursed carrot
  y - an uncursed fortune cookie
  s - an uncursed lembas wafer
  J - 3 uncursed eggs
 Scrolls  ('?')
  m - an uncursed scroll of amnesia
  i - an uncursed scroll of confuse monster
  N - an uncursed scroll of destroy armor
  p - an uncursed scroll of enchant armor
  k - an uncursed scroll of enchant weapon
  v - an uncursed scroll of food detection
  h - 3 uncursed scrolls of identify
  x - a blessed scroll of light
 Potions  ('!')
  B - an uncursed potion of fruit juice
  L - a cursed potion of gain energy
  M - 2 uncursed potions of healing
  g - an uncursed potion of restore ability
  Q - an uncursed potion of see invisible
  t - an uncursed potion of sickness
  C - a cursed potion of sickness
  Y - 2 uncursed potions of water
 Rings    ('=')
  d - an uncursed +1 ring of adornment
  e - an uncursed ring of conflict (on left hand)
  E - a cursed ring of levitation
  D - an uncursed ring of shock resistance
  F - an uncursed ring of shock resistance
 Wands    ('/')
  G - a wand of cold (0:0)
  w - a wand of death (0:5)
  U - a wand of light (0:12)
  c - a wand of make invisible (0:5)
  T - a wand of undead turning (0:0)
 Tools    ('(')
  u - an empty uncursed oilskin sack
  o - an uncursed blindfold
  R - an uncursed brass lantern
  V - a can of grease (0:12)
  n - a magic marker (0:21)
  j - an uncursed skeleton key

Hekik the Wizard's attributes:

Background:
 You were a Thaumaturge, a level 7 male human Wizard.
 You were neutral, on a mission for Thoth
 who was opposed by Ptah (lawful) and Anhur (chaotic).
 You were right-handed.
 You were in the Dungeons of Doom, on level 2.
 You entered the dungeon 6852 turns ago.
 You had 1142 experience points, 138 more were needed to attain level 8.

Basics:
 You had 0 out of 51 hit points.
 You had all 68 energy points (spell power).
 Your armor class was 1.
 Your wallet contained 115 zorkmids.
 Autopickup was off.

Final Characteristics:
 Your strength was 12 (peak:13, limit:18/100).
 Your dexterity was 16 (limit:18).
 Your constitution was 15 (limit:18).
 Your intelligence was 18 (limit:18).
 Your wisdom was 11 (limit:18).
 Your charisma was 10 (limit:18).

Final Status:
 You weren't hungry.
 You were burdened; movement was slightly slowed.
 You were wielding daggers.
 You had basic skill with dagger and could have enhanced that.

Final Attributes:
 You were piously aligned.
 You were magic-protected.
 You were telepathic.
 You were stealthy.
 You caused conflict.
 You were guarded.
 Your spell casting was impaired by metallic armor.
 You were unlucky.
 You are dead.

Miscellaneous:
 You encountered 1 bones level.
 Total elapsed playing time was 2 hours, 23 minutes and 32 seconds.

Major events:
 Turn
    1: Hekik the neutral male human Wizard entered the dungeon
 1027: attained the rank of Conjurer (level 3)
 1768: entered the Gnomish Mines
 2076: consulted the Oracle
 2869: entered Sokoban
 3065: attained the rank of Thaumaturge (level 6)
 3197: completed 1st Sokoban level
 6124: reached Mine Town
 6852: killed by a hill orc

Spells:
 Name                 Level Category     Fail Retention
 force bolt             1   attack        76%   61%-70%
 sleep                  3   enchantment   81%   61%-70%
 knock                  1   matter        76%   51%-75%
 wizard lock            2   matter       100%   51%-75%

Skills:
 Fighting Skills
   bare handed combat [Unskilled]
   riding             [Unskilled]
 Weapon Skills
   dagger             [Basic]
   knife              [Unskilled]
   axe                [Unskilled]
   short sword        [Unskilled]
   club               [Unskilled]
   mace               [Unskilled]
   quarterstaff       [Basic]
   polearms           [Unskilled]
   spear              [Unskilled]
   trident            [Unskilled]
   sling              [Unskilled]
   dart               [Unskilled]
   shuriken           [Unskilled]
 Spellcasting Skills
   attack spells      [Basic]
   healing spells     [Unskilled]
   divination spells  [Unskilled]
   enchantment spells [Basic]
   clerical spells    [Unskilled]
   escape spells      [Unskilled]
   matter spells      [Unskilled]

Voluntary challenges:
 Character rerolling was not enabled.
 You never genocided any monsters.
 You never polymorphed an object.
 You never changed form.
 You used no wishes.
 You did not violate any of the special Sokoban rules.
Achievements:
 You attained the rank of Conjurer.
 You entered the Gnomish Mines.
 You consulted the Oracle of Delphi.
 You entered Sokoban.
 You attained the rank of Thaumaturge.
 You entered Minetown.

 The Dungeons of Doom: levels 1 to 7
    Level 1:
       Some fountains, a grave.
    Level 2: <- You were here.
       An altar.
       Final resting place for
          you, killed by a hill orc.
    Level 3:
       A grave.
       Stairs down to The Gnomish Mines.
    Level 4:
       Some fountains, a grave.
       Final resting place for
          23881750910-Rog-Hum-Mal-Cha, killed by a newt, while frozen by a floating eye's gaze.
    Level 5:
       Many fountains.
       Oracle of Delphi.
    Level 6:
       A fountain.
       Stairs up to Sokoban, level 5.
    Level 7:
 The Gnomish Mines: levels 4 to 7
    Level 4:
    Level 5:
    Level 6:
    Level 7:
 Sokoban: levels 5 up to 4
    Level 4:
       Unsolved.
    Level 5:
       Solved.


Vanquished creatures:
  a ghost
  a leprechaun
  a dwarf leader
  a blue jelly
  2 imps
  a mountain nymph
 10 Mordor orcs
 an orc shaman
  2 rock moles
  2 fog clouds
  a yellow light
  a shrieker
  3 gnome leaders
  a kobold mummy
  a gray ooze
  5 elf zombies
  a giant ant
  8 floating eyes
  7 dwarves
 12 hill orcs
  a rothe
  2 rabid rats
  a centipede
  3 giant bats
 an orc zombie
  a werejackal
  a coyote
  4 hobbits
  a large kobold
  3 cave spiders
  a yellow mold
 19 gnomes
  2 garter snakes
  2 geckos
  3 jackals
  a fox
  a goblin
  a sewer rat
  7 grid bugs
  2 bats
  6 lichens
  a kobold zombie
  7 newts
133 creatures vanquished.

No species were genocided or became extinct.

Game over:
                       ----------
                      /          \
                     /    REST    \
                    /      IN      \
                   /     PEACE      \
                  /                  \
                  |      Hekik       |
                  |      115 Au      |
                  | killed by a hill |
                  |       orc        |
                  |                  |
                  |                  |
                  |       2026       |
                 *|     *  *  *      | *
        _________)/\\_//(\/(/\)/\//\/|_)_______

Goodbye Hekik the Wizard...

You died in The Dungeons of Doom on dungeon level 2 with 5013 points,
and 115 pieces of gold, after 6852 moves.
You were level 7 with a maximum of 51 hit points when you died.

